 Dungeon Crawl Stone Soup version 0.31-a0-321-g19405a7a6a (webtiles) character file.

Game seed: 11144747691433000196

451 HallandMoats the Trooper (level 6, -3/51 HPs)
             Began as a Mummy Monk on July 18, 2023.
             Constricted to death by Pikel (9 damage)
             ... on level 5 of the Dungeon.
             The game lasted 00:10:12 (4123 turns).

HallandMoats the Trooper (Mummy Monk)               Turns: 4123, Time: 00:10:13

Health: -3/51      AC: 10    Str: 16    XL:     6   Next: 75%
Magic:  0/6        EV:  7    Int:  9    God:
Gold:   243        SH:  0    Dex: 15    Spells: 5/5 levels left

rFire   + . .        a - +0 mace
rCold   . . .        c - orb {light}
rNeg    + + +        k - +0 fire dragon scales
rPois   ∞            j - +0 helmet
rElec   .            (no cloak)
rCorr   .            m - +0 pair of gloves
SInv    .            (no boots)
Will    .....        n - amulet of guardian spirit Stlth
                     (no ring)
HPRegen 0.28/turn    (no ring)
MPRegen 0.10/turn

%: guardian spirit, faith
@: grasped by roots, glowing, constricted
A: cold resistance 1, negative energy resistance 3, torment resistance 2, heat
vulnerability 1, in touch with death 1, no potions, faith
a: no special abilities


You were on level 5 of the Dungeon.
You visited 1 branch of the dungeon, and saw 5 of its levels.

You collected 243 gold pieces.

Inventory:

Hand Weapons
 a - a +0 mace (weapon)
Armour
 c - an orb of light (worn)
 g - a +2 ring mail of cold resistance
 j - a +0 helmet (worn)
 k - +0 fire dragon scales (worn)
 m - a +0 pair of gloves (worn)
 o - a +0 buckler
Jewellery
 n - an amulet of guardian spirit (around neck)
Wands
 p - a wand of acid (10)
Scrolls
 b - a scroll of summoning {unknown}
 d - 4 scrolls of identify {unknown}
 e - 2 scrolls of fog {unknown}
 f - 2 scrolls of blinking {unknown}
 h - a scroll of poison {unknown}
 i - a scroll of noise {unknown}
 l - a scroll of vulnerability {unknown}
 q - a scroll of acquirement {unknown}


   Skills:
 * Level 5.0 Fighting
 * Level 4.1 Maces & Flails
 + Level 2.0 Armour
 + Level 3.3 Dodging
 + Level 0.8 Shields


You had 5 spell levels left.
You didn't know any spells.
Your spell library was empty.

Dungeon Overview and Level Annotations

Branches:
Dungeon (5/15)
 Temple: D:4-7

Altars:
Qazlal
Wu Jian

Annotations:
D:5 Pikel


Innate Abilities, Weirdness & Mutations

You are immune to poison.
Your flesh is cold resistant. (rC+)
You are immune to negative energy. (rN+++)
You are immune to unholy pain and torment.
You are vulnerable to heat. (rF-)
You are in touch with the powers of death.
You do not drink.
You have a special connection with the divine. (Faith)


Message History

Pikel barely misses you.
You hit Pikel.
Pikel is severely wounded.
Pikel hits you with a +2 whip of freezing.
Pikel freezes you. Pikel misses you.
You sock Pikel!
Pikel is almost dead.
The orc hits you but does no damage.
Pikel zaps a wand.
The roots erupt in riotous growth!
The grasping roots grab you!
Pikel is unaffected.
The grasping roots constrict you!
You hit Pikel.
Pikel is almost dead.
The orc barely misses you.
Pikel hits you with a +2 whip of freezing.
Pikel freezes you. The grasping roots constrict you.
You closely miss Pikel.
Pikel is almost dead.
The orc barely misses you. Pikel hits you but does no damage.
The grasping roots constrict you.
You barely miss Pikel.
Pikel is almost dead.
The orc hits you but does no damage.
Pikel cracks his whip.
Pikel completely misses you. The grasping roots constrict you.
The grasping roots release their grip on you.
You closely miss Pikel.
Pikel is almost dead.
Pikel zaps a wand.
The roots erupt in riotous growth!
The grasping roots grab you!
Pikel is unaffected.
The grasping roots constrict you!
* * * LOW HITPOINT WARNING * * *
The orc hits you but does no damage. The orc barely misses you.
Pikel says, "Hell isn't that bad."
Pikel hits you with a +2 whip of freezing.
* * * LOW HITPOINT WARNING * * *
Pikel freezes you.
* * * LOW HITPOINT WARNING * * *
The grasping roots constrict you!
You die...

##### #....## #.....##
#......# #......# ##
####+##......## #.
..............## #.
...............########.
.....o.@K....#.##....##.
....!.......##.##.......
....##.....[.#.#........
##. #######............
#########...........
....................
........†##....[....
..........#.........
..........##........


You could see Pikel (corroded) and an orc.

Vanquished Creatures
  A water moccasin (D:4)
  4 lemures (D:4)
  A phantom (D:3)
  2 orc priests (D:3)
  Jessica (D:2)
  3 gnolls
  6 adders
  2 worms (D:2)
  3 dart slugs
  7 orcs
  11 endoplasms
  5 giant cockroaches
  8 goblins
  9 hobgoblins
  6 jackals (D:1)
  3 quokkas
  6 ball pythons
  8 bats
  2 frilled lizards
  7 kobolds
  7 rats
102 creatures vanquished.

Notes
Turn   | Place    | Note
-------+----------+-------------------------------------------
     0 | D:1      | HallandMoats the Mummy Monk began the quest for the Orb.
     0 | D:1      | Reached XP level 1. HP: 18/18 MP: 1/1
   155 | D:1      | Reached XP level 2. HP: 21/24 MP: 2/2
   495 | D:1      | Gained mutation: You are in touch with the powers of death.
                  | [Mummy growth]
   495 | D:1      | Reached XP level 3. HP: 29/29 MP: 3/3
   899 | D:2      | Noticed Jessica
   923 | D:2      | Killed Jessica
   924 | D:2      | Reached skill level 1 in Armour
   924 | D:2      | Reached XP level 4. HP: 35/37 MP: 4/4
  1278 | D:2      | Reached skill level 4 in Fighting
  1912 | D:3      | Reached XP level 5. HP: 42/42 MP: 5/5
  2284 | D:3      | Noticed a phantom
  2316 | D:3      | Killed a phantom
  2725 | D:3      | Reached XP level 6. HP: 49/49 MP: 6/6
  3109 | D:4      | Found a stormy altar of Qazlal.
  3229 | D:4      | Found an ornate altar of the Wu Jian Council.
  3550 | D:5      | Entered Level 5 of the Dungeon
  3631 | D:5      | Noticed Pikel
  3958 | D:5      | Noticed a water moccasin
  4020 | D:4      | Killed a water moccasin
  4021 | D:4      | Reached skill level 5 in Fighting
  4123 | D:5      | Constricted to death by Pikel

Illustrated notes

Levels and vault maps discovered:
D:1:      dpeg_arrival_tiny_j, layout_loops_ring, minmay_door_square,
          minmay_misc_feat_room, palyth_stone_intersect
D:2:      layout_basic, serial_forest, infiniplex_forest_straight_1,
          infiniplex_forest_pool, infiniplex_forest_corner_2,
          infiniplex_forest_fountain, infiniplex_forest_straight_1,
          infiniplex_forest_lined_room_2, infiniplex_forest_diagonal,
          infiniplex_forest_end_double, infiniplex_forest_lined_corner,
          st_stairs_11, uniq_jessica
D:3:      layout_basic, serial_bayou_ford_a, minmay_vboxes
D:4:      layout_loops_ring, lemuel_coloured_pillars_altar,
          nicolae_wu_jian_immortal_techniques, minmay_misc_feat_encased,
          minmay_misc_feat_nine_boxes, serial_park_tiny_1
D:5:      layout_rooms, nrook_uturn, nicolae_houndstooth_variations, uniq_pikel

Skill      XL: |  1  2  3  4  5  6 |
---------------+-------------------+-----
Maces & Flails | 3 4 |  4.1
Armour         | 1 2 |  2.0
Fighting       | 4 5 |  5.0
Dodging        | 3 |  3.3
Shields        | |  0.8

Action                     |  1- 3 |  4- 6 || total
---------------------------+-------+-------++-------
  Melee: Mace              |   109 |   260 ||   369
  Evoke: Wand              |       |     3 ||     3
 Armour: Robe              |    15 |       ||    15
         Ring mail         |    14 |    19 ||    33
         Fire dragon scale |       |   131 ||   131
  Dodge: Dodged            |    92 |   175 ||   267

Table legend: (Time is in decaauts)
 A = Elapsed time spent in this place.
 B = Non-inter-level travel time spent in this place.
 C = Inter-level travel time spent in this place.
 D = Time resting spent in this place.
 E = Time spent auto-exploring this place.
 F = Levels seen in this place.
 G = Mean time per level.
                   A        B        C        D        E       F      G
               +--------+--------+--------+--------+--------+-----+--------+
         Total |   4233 |   4096 |    137 |    506 |   2372 |   5 |  846.6 |
       Dungeon |   4233 |   4096 |    137 |    506 |   2372 |   5 |  846.6 |
               +--------+--------+--------+--------+--------+-----+--------+

Top non-repeatable levels by time:
     D:4: 1292 daAuts
     D:2: 973 daAuts
     D:3: 956 daAuts
     D:1: 877 daAuts
     D:5: 134 daAuts
